 Dungeon Crawl Stone Soup version 0.31-a0-1002-g8e65716 (webtiles) character file.

Game seed: 11113545763424398988

303 Carefully the Shooter (level 6, -2/49 HPs)
             Began as a Formicid Hunter on Nov 9, 2023.
             Killed by nerve-wracking pain
             ... invoked by an orc priest
              (11 damage)
             ... on level 3 of the Dungeon.
             The game lasted 00:01:57 (1407 turns).

Carefully the Shooter (Formicid Hunter)             Turns: 1407, Time: 00:01:57

Health: -2/49      AC:  7    Str: 16    XL:     6   Next: 66%
Magic:  6/6        EV: 12    Int:  8    God:
Gold:   115        SH:  0    Dex: 19    Spells: 5/5 levels left

rFire   . . .        a - +0 shortbow
rCold   . . .        (no shield)
rNeg    . . .        c - +1 leather armour
rPois   .            (helmet unavailable)
rElec   .            j - +2 cloak
rCorr   .            (no gloves)
SInv    +            (no boots)
Will    .....        (no amulet)
Stlth   ++           (no ring)
HPRegen 0.28/turn    (no ring)
MPRegen 0.10/turn

%: no passive effects
@: no status effects
A: permanent stasis, dig shafts and tunnels, antennae 3, four strong arms
a: Dig, Shaft Self


You were on level 3 of the Dungeon.
You visited 1 branch of the dungeon, and saw 3 of its levels.

You collected 115 gold pieces.

Inventory:

Hand Weapons
 a - a +0 shortbow (weapon)
Armour
 c - a +1 leather armour (worn)
 j - a +2 cloak (worn)
Scrolls
 b - 2 scrolls of butterflies
 d - a scroll of teleportation
 e - 2 scrolls of enchant armour
 i - a scroll of fear {unknown}
Potions
 g - a potion of might
 h - a potion of haste {unknown}


   Skills:
 + Level 4.5 Fighting
 * Level 6.5 Ranged Weapons
 - Level 1.7 Dodging
 - Level 1.2 Stealth


You had 5 spell levels left.
You didn't know any spells.
Your spell library contained the following spells:

 Spells                   Type           Power      Damage    Failure   Level
 Dazzling Flash           Conj/Hex       0%         N/A       85%         3
 Volatile Blastmotes      Fire/Tloc      0%         2d10      85%         3
 Starburst                Conj/Fire      0%         6d3       100%        6
 Maxwell's Capacitive Co  Air            0%         ∞         100%        8


Dungeon Overview and Level Annotations

Branches:
Dungeon (3/15)

Altars:


Innate Abilities, Weirdness & Mutations

You cannot be hasted, slowed, berserked, paralysed or teleported.
You can dig through walls and to a lower floor.
You have a pair of large antennae on your head. (SInv)
Your four strong arms can wield two-handed weapons with a shield.


Message History

You shoot an arrow. The arrow hits the orc priest.
The orc priest is moderately wounded.
Unknown command.
Fire: a) +0 shortbow
Press: ? - help, Shift-Dir - straight line, f/p - orc priest
Aim: an orc priest, wielding a +0 flail (moderately wounded, 66% to hit)
You shoot an arrow.
The arrow hits the orc priest but does no damage.
The orc priest is moderately wounded.
Unknown command.
Fire: a) +0 shortbow
Press: ? - help, Shift-Dir - straight line, f/p - orc priest
Aim: an orc priest, wielding a +0 flail (moderately wounded, 66% to hit)
You shoot an arrow. The arrow hits the orc priest.
The orc priest is heavily wounded.
The orc priest barely misses you.
Unknown command.
You shoot an arrow. The arrow barely misses the orc priest.
The orc priest calls down the wrath of Beogh upon you.
Pain shoots through your body!
You shoot an arrow.
The arrow hits the orc priest but does no damage.
The orc priest is heavily wounded.
The orc priest misses you.
You shoot an arrow. The arrow hits the orc priest.
The orc priest is severely wounded.
The orc priest looks braver for a moment.
You shoot an arrow. The arrow hits the orc priest.
The orc priest is almost dead.
The orc priest mumbles some strange prayers to Beogh against you.
Beogh smites you!
* * * LOW HITPOINT WARNING * * *
You shoot an arrow. The arrow barely misses the orc priest.
The orc priest barely misses you. x2
You shoot an arrow.
The arrow hits the orc priest but does no damage.
The orc priest is almost dead.
The orc priest invokes the aid of Beogh against you.
Pain shoots through your body!
You die...

#..### # .....## .#
..#..### .. { ......
.# ##..# .#
#...###.##... #
,#####.#.†<.....#
#...#.).o....>.#####
......†@.####..#
#...###### ...# #^
.#... #. #... ..
....# ## #..!# ....


You could see an orc priest.

Vanquished Creatures
  Sigmund (D:2)
  An orc priest (D:3)
  An adder (D:3)
  4 gnolls (D:2)
  An adder zombie (D:2)
  An adder skeleton (D:2)
  A dart slug (D:2)
  8 ball pythons
  3 bats
  5 endoplasms
  A goblin (D:1)
  4 hobgoblins
  10 jackals
  2 quokkas
  A ball python skeleton (D:2)
  3 ball python zombies (D:2)
  3 frilled lizards (D:2)
  A kobold (D:2)
  7 rats
58 creatures vanquished.

Notes
Turn   | Place    | Note
-------+----------+-------------------------------------------
     0 | D:1      | Carefully the Formicid Hunter began the quest for the Orb.
     0 | D:1      | Reached XP level 1. HP: 16/16 MP: 1/1
    74 | D:1      | Reached XP level 2. HP: 23/23 MP: 2/2
    92 | D:1      | Found a faded altar of an unknown god.
   356 | D:1      | Reached XP level 3. HP: 27/28 MP: 3/3
   915 | D:2      | Noticed Sigmund
   932 | D:2      | Reached skill level 5 in Ranged Weapons
   932 | D:2      | Reached XP level 4. HP: 31/32 MP: 4/4
   954 | D:2      | Killed Sigmund
   955 | D:2      | Reached skill level 6 in Ranged Weapons
   955 | D:2      | Reached XP level 5. HP: 22/42 MP: 5/5
   955 | D:2      | Reached XP level 6. HP: 26/48 MP: 6/6
  1407 | D:3      | Killed from afar by an orc priest

Illustrated notes

Levels and vault maps discovered:
D:1:      psy_arrival_dodecagon, layout_loops_cross,
          shapermc_ecumenical_altar_gd
D:2:      layout_rooms, serial_undead, serial_undead_c, serial_undead_f,
          serial_undead_e, serial_undead_e, serial_undead_a, serial_undead_d,
          uniq_sigmund
D:3:      layout_rooms

Skill      XL: |  1  2  3  4 |
---------------+-------------+-----
Fighting       | 3 4 |  4.5
Ranged Weapons | 5 6 |  6.5
Dodging        | |  1.7
Stealth        | |  1.2

Action                     |  1- 3 |  4- 6 || total
---------------------------+-------+-------++-------
   Fire: Shortbow          |   131 |    84 ||   215
Ability: Dig               |     1 |       ||     1
    Use: Scroll            |       |     3 ||     3
 Armour: Leather armour    |    46 |    21 ||    67
  Dodge: Dodged            |    50 |    29 ||    79

Table legend: (Time is in decaauts)
 A = Elapsed time spent in this place.
 B = Non-inter-level travel time spent in this place.
 C = Inter-level travel time spent in this place.
 D = Time resting spent in this place.
 E = Time spent auto-exploring this place.
 F = Levels seen in this place.
 G = Mean time per level.
                   A        B        C        D        E       F      G
               +--------+--------+--------+--------+--------+-----+--------+
         Total |   1444 |   1398 |     46 |      0 |   1018 |   3 |  481.3 |
       Dungeon |   1444 |   1398 |     46 |      0 |   1018 |   3 |  481.3 |
               +--------+--------+--------+--------+--------+-----+--------+

Top non-repeatable levels by time:
     D:1: 797 daAuts
     D:2: 603 daAuts
     D:3: 42 daAuts
